 Dungeon Crawl Stone Soup version 0.30-a0-377-g5cb311bc9f (webtiles) character file.

Game seed: 15140566440052578858

60 zergo the Trooper (level 3, -11/33 HPs)
             Began as a Draconian Berserker on Nov 28, 2022.
             Was a Follower of Trog.
             Mangled by an iguana (13 damage)
             ... on level 4 of the Dungeon.
             The game lasted 00:12:26 (1878 turns).

zergo the Trooper (Draconian Berserker)             Turns: 1878, Time: 00:12:26

Health: -11/33     AC:  5    Str: 21    XL:     3   Next: 82%
Magic:  3/3        EV: 12    Int:  7    God:    Trog [*.....]
Gold:   100        SH:  0    Dex: 10    Spells: 2/2 levels left

rFire   . . .      SeeInvis .    a - +0 hand axe
rCold   . . .      Faith    .    (no shield)
rNeg    . . .      Spirit   .    (body armour unavailable)
rPois   .          Reflect  .    (helmet restricted)
rElec   .          Harm     .    (no cloak)
rCorr   .          Rampage  .    (no gloves)
Will    .....                    (no boots)
Stlth   +.........               (no amulet)
HPRegen 0.25/turn                (no ring)
MPRegen 0.08/turn                (no ring)

@: no status effects
A: AC +5, unfitting armour, cold-blooded
a: Renounce Religion, Berserk


You were on level 4 of the Dungeon.
You worshipped Trog.
Trog was aware of your devotion.
You visited 1 branch of the dungeon, and saw 4 of its levels.

You collected 100 gold pieces.

Inventory:

Hand Weapons
 a - a +0 hand axe (weapon)
Jewellery
 m - a ring of resist corrosion
Scrolls
 b - a scroll of enchant weapon {unknown}
 c - 2 scrolls of magic mapping {unknown}
 d - a scroll of immolation {unknown}
 f - a scroll of identify {unknown}
 g - a scroll of vulnerability {unknown}
 k - 3 scrolls of teleportation {unknown}
 p - a scroll of butterflies {unknown}
Potions
 e - 2 potions of heal wounds {unknown}
 h - a potion of might {unknown}
 i - a potion of lignification {unknown}
 j - a potion of cancellation {unknown}
 l - a potion of brilliance {unknown}
 n - a potion of invisibility {unknown}
 o - a potion of resistance {unknown}


   Skills:
 + Level 3.8 Fighting
 + Level 3.8 Axes
 + Level 3.2 Dodging
 + Level 0.7 Stealth


You had 2 spell levels left.
You didn't know any spells.
Your spell library was empty.

Dungeon Overview and Level Annotations

Branches:
Dungeon (4/15)
 Temple: D:4-7

Altars:

Shops:
D:1 *


Innate Abilities, Weirdness & Mutations

Your plain brown scales are hard. (AC +5)
You cannot fit into any form of body armour.
You are cold-blooded and may be slowed by cold attacks.


Message History

You kill the ball python!
Trog accepts your kill.
You hit the iguana but do no damage. The iguana barely misses you.
The iguana bites you.
You see here a ball python corpse.
The iguana bites you. The iguana bites you!
You barely miss the iguana. You tail-slap the iguana.
The iguana is lightly wounded.
The iguana barely misses you.
You hit the iguana.
The iguana is lightly wounded.
The iguana bites you.
You closely miss the iguana.
The iguana is lightly wounded.
The iguana bites you.
* * * LOW HITPOINT WARNING * * *
You hit the iguana but do no damage.
You tail-slap the iguana, but do no damage.
The iguana is lightly wounded.
The iguana barely misses you.
You closely miss the iguana.
You tail-slap the iguana, but do no damage.
The iguana is lightly wounded.
The iguana closely misses you. The iguana bites you!
* * * LOW HITPOINT WARNING * * *
You hit the iguana. Your punch misses the iguana.
The iguana is moderately wounded.
The iguana bites you.
* * * LOW HITPOINT WARNING * * *
You hit the iguana but do no damage.
The iguana is moderately wounded.
The iguana barely misses you.
You hit the iguana.
The iguana is heavily wounded.
The iguana barely misses you.
You closely miss the iguana. You tail-slap the iguana.
The iguana is severely wounded.
The iguana bites you!
You die...

#########
#.......# .
#.8.8.8.#
...>#?.@l...#
........†..<#
....#.......#
### #.8.8.8.#
#.......#
#########


You could see an iguana.

Vanquished Creatures
  A gnoll (D:1)
  2 adders (D:3)
  6 endoplasms
  4 goblins (D:1)
  4 hobgoblins
  A quokka (D:3)
  A ball python (D:4)
  3 bats
  4 frilled lizards
  3 kobolds
  3 rats
32 creatures vanquished.

Notes
Turn   | Place    | Note
-------+----------+-------------------------------------------
     0 | D:1      | zergo the Draconian Berserker began the quest for the Orb.
     0 | D:1      | Reached XP level 1. HP: 19/19 MP: 1/1
    13 | D:1      | Found Des Lenk's Assorted Antiques.
   184 | D:1      | Found a faded altar of an unknown god.
   417 | D:1      | Reached XP level 2. HP: 26/26 MP: 2/2
   917 | D:1      | Reached XP level 3. HP: 27/33 MP: 3/3
  1875 | D:4      | HP: 1/33 [iguana (1)]
  1878 | D:4      | Mangled by an iguana

Illustrated notes

Levels and vault maps discovered:
D:1:      lightli_arrival_lavapool, layout_loops_corners, serial_shops,
          shop_statue, dilly_ecumenical_altar_fadedgnrine,
          minmay_stone_trees_medium
D:2:      layout_basic
D:3:      layout_rooms
D:4:      layout_gridville, grunt_ministairs_3, hangedman_decor_peaks_small,
          uniq_blork_the_orc

Skill      XL: |  1  2 |
---------------+-------+-----
Dodging        | 3 |  3.2
Fighting       | |  3.8
Axes           | |  3.8
Stealth        | |  0.7

Action                   || total
-------------------------++-------
Melee: Hand axe          ||   111
       Tailslap          ||    12
       Punch             ||     1
Invok: Berserk           ||     2
 Stab: Sleeping          ||     2
Armor: Skin              ||    44
Dodge: Dodged            ||    82

Table legend: (Time is in decaauts)
 A = Elapsed time spent in this place.
 B = Non-inter-level travel time spent in this place.
 C = Inter-level travel time spent in this place.
 D = Time resting spent in this place.
 E = Time spent auto-exploring this place.
 F = Levels seen in this place.
 G = Mean time per level.
                   A        B        C        D        E       F      G
               +--------+--------+--------+--------+--------+-----+--------+
         Total |   1919 |   1869 |     50 |      0 |      0 |   4 |  479.8 |
       Dungeon |   1919 |   1869 |     50 |      0 |      0 |   4 |  479.8 |
               +--------+--------+--------+--------+--------+-----+--------+

Top non-repeatable levels by time:
     D:1: 1191 daAuts
     D:2: 487 daAuts
     D:3: 223 daAuts
     D:4: 17 daAuts
